 Dungeon Crawl Stone Soup version 0.30-a0-393-g54b8e3be05 (webtiles) character file.

Game seed: 14857145041984110835

543 Bnni the Poker (level 7, 0/56 HPs)
             Began as a Formicid Fighter on Dec 5, 2022.
             Slain by an iguana (8 damage)
             ... on level 5 of the Dungeon.
             The game lasted 00:03:51 (4052 turns).

Bnni the Poker (Formicid Fighter)                   Turns: 4052, Time: 00:03:53

Health: 0/56       AC:  8    Str: 22    XL:     7   Next: 52%
Magic:  7/7        EV:  9    Int:  8    God:
Gold:   192        SH:  5    Dex: 13    Spells: 6/6 levels left

rFire   . . .      SeeInvis +    a - +0 trident
rCold   . . .      Faith    .    c - +0 buckler
rNeg    . . .      Spirit   .    b - +0 scale mail
rPois   .          Reflect  .    (helmet unavailable)
rElec   .          Harm     .    n - +0 cloak
rCorr   .          Rampage  .    (no gloves)
Will    .....                    (no boots)
Stlth   ..........               (no amulet)
HPRegen 0.29/turn                (no ring)
MPRegen 0.10/turn                (no ring)

@: no status effects
A: permanent stasis, dig shafts and tunnels, antennae 3, four strong arms
a: Dig, Shaft Self


You were on level 5 of the Dungeon.
You visited 1 branch of the dungeon, and saw 5 of its levels.

You collected 192 gold pieces.

Inventory:

Hand Weapons
 a - a +0 trident (weapon)
Missiles
 h - 7 poisoned darts
 q - 2 javelins
 t - 2 boomerangs
Armour
 b - a +0 scale mail (worn)
 c - a +0 buckler (worn)
 n - a +0 cloak (worn)
Scrolls
 e - 3 scrolls of identify {unknown}
 f - a scroll of acquirement {unknown}
 g - 2 scrolls of teleportation {unknown}
 k - 2 scrolls of blinking {unknown}
 l - 2 scrolls of noise {unknown}
 p - a scroll of brand weapon {unknown}
 v - a scroll of enchant armour {unknown}
 w - a scroll of amnesia {unknown}
 x - a scroll of vulnerability {unknown}
Potions
 d - a potion of might
 i - 2 potions of cancellation {unknown}
 j - 2 potions of lignification {unknown}
 m - a potion of brilliance {unknown}
 o - a potion of heal wounds {unknown}
 r - a potion of resistance {unknown}
 s - 2 potions of flight {unknown}
 u - a potion of curing {unknown}


   Skills:
 + Level 5.5 Fighting
 * Level 6.1 Polearms
 - Level 3.2 Armour
 - Level 5.0 Shields


You had 6 spell levels left.
You didn't know any spells.
Your spell library contained the following spells:

 Spells                   Type           Power      Damage    Failure   Level
 Momentum Strike          Conj/Tloc      0%         3d8       91%         2
 Gell's Gravitas          Tloc           0%         N/A       99%         3
 Lesser Beckoning         Tloc           0%         N/A       99%         3
 Teleport Other           Tloc           0%         N/A       99%         3
 Blink                    Tloc           Unusable   N/A       N/A         2

Dungeon Overview and Level Annotations

Branches:
Dungeon (5/15)
 Temple: D:4-7

Altars:
Cheibriados
Dithmenos
Hepliaklqana
Ru
Uskayaw
Wu Jian


Innate Abilities, Weirdness & Mutations

You cannot be hasted, slowed, berserked, paralysed or teleported.
You can dig through walls and to a lower floor.
You have a pair of large antennae on your head. (SInv)
Your four strong arms can wield two-handed weapons with a shield.


Message History

The jackal bites something.
The gnoll closely misses you.
The jackal bites something.
You closely miss the gnoll.
The gnoll is heavily wounded.
The jackal bites something.
The gnoll hits you with a +0 whip.
You puncture the gnoll!
You kill the gnoll!
You puncture the orc!
You kill the orc!
A jackal comes into view.
The orc priest miscasts a cantrip.
The jackal barks!
You puncture the orc!
You kill the orc!
You barely miss the iguana.
The iguana bites you but does no damage.
You hit the iguana but do no damage.
An orc wizard comes into view. It is wielding a +0 dagger.
The iguana bites you!
You are too injured to fight recklessly!
You are too injured to fight recklessly!
The orc priest mumbles some strange prayers to Beogh against you.
Beogh smites you!
* * * LOW HITPOINT WARNING * * *
You hear a shout!
The iguana attacks as you move away! The iguana bites you.
* * * LOW HITPOINT WARNING * * *
You hit the iguana but do no damage.
The iguana bites you but does no damage.
You hit the iguana but do no damage.
The iguana bites you but does no damage.
You closely miss the iguana. The iguana bites you.
* * * LOW HITPOINT WARNING * * *
Throw: 8 darts (poison)
Press: ? - help, Shift-Dir - straight line, f - iguana
Aim: an iguana (63% to hit)
You throw a poisoned dart.
The poisoned dart closely misses the iguana.
The iguana bites you!
You die...

... .# {♣..
.# ... .# .
{o ♣§#
♣o.{{.♣ §§#
♣..♣♣.
♣♣§.#
♣{..♣♣♣.♣§#
♣h{{♣@..#
♣{♣♣♣l♣..#
♣ ♣♣♣..# .
♣....# P ♣
♣♣♣..# .♣.
♣♣..#
♣♣♣♣♣P.♣♣
♣♣...#
♣P§♣.♣♣.♣♣
♣...##
♣§§♣.P♣r♣
#.#.#


You could see an iguana.

Vanquished Creatures
  A black bear (D:4)
  An ogre (D:4)
  An orc priest (D:3)
  A hound (D:5)
  Terence (D:2)
  3 orc wizards
  Robin (D:2)
  A gnoll (D:5)
  5 adders (D:2)
  2 river rats (D:5)
  A white imp (D:4)
  2 adder zombies (D:2)
  2 worms
  A dart slug (D:2)
  9 orcs
  8 ball pythons
  A bat zombie (D:2)
  8 endoplasms
  A giant cockroach (D:1)
  15 goblins
  8 hobgoblins
  2 quokkas
  5 bats
  A frilled lizard (D:3)
  A giant cockroach zombie (D:2)
  7 kobolds
  A quokka zombie (D:2)
  2 rats
92 creatures vanquished.

Vanquished Creatures (others)
  68 plants (D:5)
68 creatures vanquished.

Grand Total: 160 creatures vanquished

Notes
Turn   | Place    | Note
-------+----------+-------------------------------------------
     0 | D:1      | Bnni the Formicid Fighter began the quest for the Orb.
     0 | D:1      | Reached XP level 1. HP: 18/18 MP: 1/1
   351 | D:1      | Reached XP level 2. HP: 22/24 MP: 2/2
  1031 | D:2      | Reached XP level 3. HP: 29/29 MP: 3/3
  1038 | D:2      | Noticed Terence
  1045 | D:2      | Killed Terence
  1129 | D:2      | Reached skill level 3 in Polearms
  1129 | D:2      | Reached skill level 5 in Shields
  1129 | D:2      | Reached XP level 4. HP: 35/37 MP: 4/4
  1368 | D:2      | Noticed Robin
  1427 | D:2      | Killed Robin
  1428 | D:2      | Reached XP level 5. HP: 26/41 MP: 5/5
  1718 | D:2      | Reached skill level 4 in Polearms
  1880 | D:3      | Found an ornate altar of the Wu Jian Council.
  2023 | D:3      | Found a hide-covered altar of Uskayaw.
  2063 | D:3      | Found a shadowy altar of Dithmenos.
  2082 | D:3      | Reached XP level 6. HP: 38/49 MP: 6/6
  2258 | D:3      | Identified the +3 leather armour of the Battered Wonders
                  | {Rampage rPois}
  2424 | D:4      | Noticed a black bear
  2434 | D:4      | Killed a black bear
  2435 | D:4      | Reached skill level 5 in Polearms
  2585 | D:4      | Reached skill level 5 in Fighting
  2884 | D:4      | Reached XP level 7. HP: 56/56 MP: 7/7
  3476 | D:4      | Found a hazy altar of Hepliaklqana.
  3476 | D:4      | Found a snail-covered altar of Cheibriados.
  3628 | D:4      | Found a sacrificial altar of Ru.
  3888 | D:5      | Entered Level 5 of the Dungeon
  4008 | D:5      | Reached skill level 6 in Polearms
  4052 | D:5      | Slain by an iguana

Illustrated notes

Levels and vault maps discovered:
D:1:      scummos_arrival_checkerplants, layout_basic
D:2:      layout_loops_ring, serial_undead, serial_undead_b, serial_undead_d,
          serial_undead_d, serial_undead_d, serial_undead_a, serial_undead_d,
          nrook_mini_vaults, patterned_corridor, uniq_robin, uniq_terence
D:3:      layout_basic, nicolae_dithmenos_through_a_glass_darkly,
          mainiacjoe_overflow_24_doors, nicolae_wu_jian_immortal_techniques
D:4:      layout_basic, nicolae_overflow_two_pavilions,
          nicolae_ru_path_of_blood, serial_co_window_serial, co_window_corner_a,
          co_window_of_opportunity_a, co_window_corner_a, co_window_corner_a,
          co_window_paths_a, co_window_paths_a, co_window_of_opportunity_a,
          co_window_broadway_a, co_window_2corner, co_window_2corner,
          co_window_2corner, co_window_4corner_b, co_window_paths_d
D:5:      wad_woods_stonehenge, layout_basic, amethyst_overflow_temple_binary,
          uniq_eustachio

Skill      XL: |  1  2  3  4  5  6  7 |
---------------+----------------------+-----
Polearms       | 3 4 5 6 |  6.1
Shields        | 5 |  5.0
Fighting       | 4 5 |  5.5
Armour         | |  3.2

Action                   |  1- 3 |  4- 6 |  7- 9 || total
-------------------------+-------+-------+-------++-------
Melee: Trident           |    51 |   218 |    63 ||   332
Throw: Dart              |       |       |     6 ||     6
 Abil: Dig               |       |     1 |       ||     1
Armor: Scale mail        |    22 |    60 |    10 ||    92
Dodge: Dodged            |    21 |    68 |    19 ||   108
Block: Buckler           |     7 |    35 |     8 ||    50

Table legend: (Time is in decaauts)
 A = Elapsed time spent in this place.
 B = Non-inter-level travel time spent in this place.
 C = Inter-level travel time spent in this place.
 D = Time resting spent in this place.
 E = Time spent auto-exploring this place.
 F = Levels seen in this place.
 G = Mean time per level.
                   A        B        C        D        E       F      G
               +--------+--------+--------+--------+--------+-----+--------+
         Total |   4092 |   4005 |     87 |    180 |   3187 |   5 |  818.4 |
       Dungeon |   4092 |   4005 |     87 |    180 |   3187 |   5 |  818.4 |
               +--------+--------+--------+--------+--------+-----+--------+

Top non-repeatable levels by time:
     D:4: 1509 daAuts
     D:2: 960 daAuts
     D:1: 882 daAuts
     D:3: 574 daAuts
     D:5: 165 daAuts
